 Dungeon Crawl Stone Soup version 0.30-a0-743-gbfdf073431 (webtiles) character file.

Game seed: 3546335007910651138

493 DEFE the Trooper (level 6, -1/55 HPs)
             Began as a Demonspawn Wanderer on Feb 7, 2023.
             Killed by divine providence
             ... invoked by an orc priest
              (15 damage)
             ... on level 4 of the Dungeon.
             The game lasted 00:02:40 (2785 turns).

DEFE the Trooper (Demonspawn Wanderer)              Turns: 2785, Time: 00:02:40

Health: -1/55      AC: 17    Str: 15    XL:     6   Next: 92%
Magic:  7/7        EV:  6    Int: 14    God:
Gold:   171        SH:  8    Dex: 11    Spells: 6/7 levels left

rFire   . . .      SeeInvis .    e - +1 short sword (venom)
rCold   . . .      Faith    .    b - +0 buckler
rNeg    . . .      Spirit   .    d - +0 chain mail
rPois   .          Reflect  +    (no helmet)
rElec   .          Harm     .    (no cloak)
rCorr   .          Rampage  .    (no gloves)
Will    .....                    (no boots) Stlth
                                 h - amulet of reflection
HPRegen 0.29/turn                (no ring)
MPRegen 0.10/turn                (no ring)

@: sanguine armoured
A: hooves 2, spiny 1, sanguine armour 2
a: no special abilities


You were on level 4 of the Dungeon.
You visited 1 branch of the dungeon, and saw 4 of its levels.

You collected 171 gold pieces.

Inventory:

Hand Weapons
 a - a +0 club
 e - a +1 short sword of venom (weapon)
Armour
 b - a +0 buckler (worn)
 d - a +0 chain mail (worn)
Jewellery
 h - an amulet of reflection (around neck)
Wands
 t - a wand of iceblast (7)
Scrolls
 f - 6 scrolls of identify {unknown}
 i - a scroll of teleportation {unknown}
 j - a scroll of brand weapon {unknown}
 k - a scroll of enchant armour {unknown}
 l - 2 scrolls of fear {unknown}
 m - a scroll of immolation {unknown}
 q - a scroll of poison {unknown}
 s - a scroll of amnesia {unknown}
 u - a scroll of magic mapping {unknown}
Potions
 c - 2 potions of invisibility
 g - a potion of might {unknown}
 n - 2 potions of heal wounds
 o - 2 potions of mutation {unknown}
 p - a potion of curing {unknown}
 r - a potion of brilliance {unknown}


   Skills:
 + Level 7.5 Fighting
 - Level 1.0 Throwing
 - Level 2.6 Armour
 - Level 1.0 Shields
 - Level 1.0 Spellcasting
 - Level 1.0 Transmutations
 - Level 1.0 Evocations


You had 6 spell levels left.
You knew the following spells:

 Your Spells              Type           Power      Damage    Failure   Level
a - Beastly Appendage     Tmut           6%         N/A       99%         1

Your spell library contained the following spells:

 Spells                   Type           Power      Damage    Failure   Level
 Cigotuvi's Dreadful Rot  Necr/Pois/Air  0%         N/A       100%        2
 Ignite Poison            Fire/Tmut/Pois 1%         N/A       100%        3
 Dispel Undead            Necr           0%         3d6       100%        4
 Death Channel            Necr           0%         N/A       100%        6


Dungeon Overview and Level Annotations

Branches:
Dungeon (4/15)
 Temple: D:4-7

Altars:

Shops:
D:1 !   D:4 :


Innate Abilities, Weirdness & Mutations

You have hoof-like feet.
You are partially covered in sharp spines.
When seriously injured, your blood forms thick armour. (AC +9)


Message History

You hit the orc.
The orc is poisoned.
You kick the orc. The orc barely misses you. x2
The orc priest mumbles some strange prayers to Beogh against you.
Beogh smites you!
You take 8 damage, and have 47/55 hp.
You puncture the orc!
You kill the orc!
You block the orc's attack.
You barely miss the orc. The orc is struck by your spines.
You kill the orc!
Found 4 stones.
The orc priest mumbles some strange prayers to Beogh against you.
Beogh smites you!
Your blood congeals into armour.
Things that are here:
a +0 flail; a +0 war axe; an orc corpse You take 14 damage, and have 33/55 hp.
MASSIVE DAMAGE!!
Unknown command.
You hit the orc priest.
The orc priest is poisoned.
You kick the orc priest, but do no damage.
The orc priest calls down the wrath of Beogh upon you.
Beogh smites you!
You take 13 damage, and have 20/55 hp.
MASSIVE DAMAGE!!
You closely miss the orc priest. Your kick misses the orc priest.
The orc priest is struck by your spines.
The orc priest hits you but does no damage.
You hit the orc priest but do no damage.
The orc priest calls down the wrath of Beogh upon you.
Beogh smites you!
* * * LOW HITPOINT WARNING * * *
The orc priest looks encouraged for a moment.
Unknown command.
You take 7 damage, and have 14/55 hp.
You hit the orc priest but do no damage.
The orc priest looks as sick as possible!
Your kick misses the orc priest.
The orc priest mumbles some strange prayers to Beogh against you.
Beogh smites you!
You die...

########################
........#...............
........#...............
.......)#...............
......o@'...##....##....
..##...#######.†..##....
#... #...##....######
#... #...............
#... #...............
+.(. #...##....##....
#... #...##....##....
#... ##)###....######
#....#....#.....


You could see an orc priest (extremely poisoned).

Vanquished Creatures
  Sigmund (D:2)
  Duvessa (D:4)
  Dowan (D:4)
  An orc priest (D:4)
  An iguana (D:4)
  An orc wizard (D:4)
  2 adders (D:2)
  7 orcs (D:4)
  5 ball pythons
  5 bats
  8 endoplasms
  3 giant cockroaches
  8 hobgoblins
  2 jackals (D:3)
  9 quokkas
  6 frilled lizards
  6 goblins
  3 kobolds
  5 rats
75 creatures vanquished.

Notes
Turn   | Place    | Note
-------+----------+-------------------------------------------
     0 | D:1      | DEFE the Demonspawn Wanderer began the quest for the Orb.
     0 | D:1      | DEFE set off with the following items: a +0 club, a +0
                  | buckler, a potion of invisibility, a +0 chain mail; and the
                  | following spell memorised: Beastly Appendage; and the
                  | following spells available to memorise: Ignite Poison.
     0 | D:1      | Reached XP level 1. HP: 16/16 MP: 2/2
   199 | D:1      | Found a faded altar of an unknown god.
   205 | D:1      | Gained mutation: When seriously injured, your blood forms
                  | armour. (AC +9) [demonic ancestry]
   205 | D:1      | Reached XP level 2. HP: 23/23 MP: 3/3
   293 | D:1      | Reached skill level 3 in Fighting
   448 | D:1      | Found Gubbiwk's Distillery.
   795 | D:2      | Gained mutation: You have large cloven feet. [demonic
                  | ancestry]
   795 | D:2      | Reached XP level 3. HP: 29/29 MP: 4/4
   925 | D:2      | Noticed Sigmund
   939 | D:2      | Killed Sigmund
   940 | D:2      | Reached skill level 5 in Fighting
   940 | D:2      | Gained mutation: When seriously injured, your blood forms
                  | thick armour. (AC +9) [demonic ancestry]
   940 | D:2      | Reached XP level 4. HP: 25/40 MP: 5/5
   940 | D:2      | Gained mutation: You have hoof-like feet. [demonic
                  | ancestry]
   940 | D:2      | Reached XP level 5. HP: 29/46 MP: 6/6
  1207 | D:2      | Reached skill level 6 in Fighting
  2216 | D:4      | Gained mutation: You are partially covered in sharp spines.
                  | [demonic ancestry]
  2216 | D:4      | Reached XP level 6. HP: 45/53 MP: 7/7
  2497 | D:4      | Noticed Dowan
  2506 | D:4      | Killed Dowan
  2514 | D:4      | Noticed Duvessa
  2529 | D:4      | Killed Duvessa
  2530 | D:4      | Reached skill level 7 in Fighting
  2652 | D:4      | Identified the +5 spear "Kilozxoz" {drain, rF+ rN+ Int+9}
  2699 | D:4      | Found Werphut's Self-Improvement Boutique.
  2785 | D:4      | Killed from afar by an orc priest

Illustrated notes

Levels and vault maps discovered:
D:1:      dpeg_arrival_rooms_a, layout_rooms, serial_shops,
          nicolae_shop_hallway_stairs, ebering_ecumenical_altar_box,
          minmay_misc_feat_room
D:2:      layout_loops_ring, uniq_sigmund
D:3:      layout_basic, hangedman_abyss_or_decor_lesser_grid, minivault_26
D:4:      layout_gridville, kennysheep_ying_yang, nicolae_shop_self_help,
          uniq_duvessa

Skill      XL: |  1  2  3  4  5  6 |
---------------+-------------------+-----
Fighting       | 3 5 6 7 |  7.5
Throwing       | |  1.0
Armour         | |  2.6
Shields        | |  1.0
Spellcasting   | |  1.0
Transmutations | |  1.0
Evocations     | |  1.0

Action                     |  1- 3 |  4- 6 || total
---------------------------+-------+-------++-------
  Melee: Club              |    46 |       ||    46
         Short sword       |    84 |   105 ||   189
         Kick              |     7 |    31 ||    38
  Evoke: Wand              |       |     2 ||     2
    Use: Potion            |     2 |       ||     2
 Armour: Chain mail        |    85 |    42 ||   127
  Dodge: Dodged            |    49 |    17 ||    66
  Block: Buckler           |    31 |    49 ||    80

Table legend: (Time is in decaauts)
 A = Elapsed time spent in this place.
 B = Non-inter-level travel time spent in this place.
 C = Inter-level travel time spent in this place.
 D = Time resting spent in this place.
 E = Time spent auto-exploring this place.
 F = Levels seen in this place.
 G = Mean time per level.
                   A        B        C        D        E       F      G
               +--------+--------+--------+--------+--------+-----+--------+
         Total |   2807 |   2752 |     55 |    204 |   2036 |   4 |  701.8 |
       Dungeon |   2807 |   2752 |     55 |    204 |   2036 |   4 |  701.8 |
               +--------+--------+--------+--------+--------+-----+--------+

Top non-repeatable levels by time:
     D:2: 765 daAuts
     D:1: 703 daAuts
     D:3: 699 daAuts
     D:4: 639 daAuts
